Map: Thunderbird LE

Players

Mesrob

  • Race: Terran Terran
  • League: Platinum
  • Spawn Location: 5:00

thraglusk

  • Race: Protoss Protoss

VOD

Have the link to the VOD?

Description

Time

  • Played on: July 10, 2019, 1:48 p.m.
  • Length: 54:29
Show
View Real Time Build Order
Export as new Build Order

Mesrob Terran 

Build Orders:  

Get SALT Encoding   

  12  0:00  SCV  
  13  0:17  SCV  
  14  0:24  Supply Depot  
  14  0:48  SCV  
  15  0:57  Barracks  
  15  1:05  SCV  
  16  1:18  Refinery  
  16  1:22  SCV  
  17  1:40  SCV  
  18  2:03  Orbital Command  
  18  2:22  Marine  
  18  2:23  Command Center  
  19  2:53  Barracks Tech Lab  
  19  3:00  Factory  
  19  3:15  SCV  
  20  3:23  Supply Depot  
  20  3:32  SCV  
  21  3:50  SCV  
  22  4:08  Bunker  
  22  4:10  Siege Tank  
  22  4:13  Refinery  
  25  4:33  Orbital Command  
  25  4:36  SCV  
  26  4:53  SCV  
  27  5:10  SCV  
  27  5:19  Supply Depot  
  28  5:20  SCV  
  29  5:33  Siege Tank  
  29  5:37  SCV  
  33  5:51  Supply Depot  
  33  5:57  SCV  
  33  5:58  SCV  
  35  6:17  Engineering Bay  
  35  6:18  Siege Tank  
  38  6:31  Factory  
  38  6:34  Factory  
  38  6:43  Marine  
  39  7:04  SCV x2  
  41  7:11  Siege Tank  
  44  7:20  Refinery  
  44  7:21  SCV x2  
  46  7:30  Command Center  
  46  7:35  Refinery  
  46  7:37  Factory Reactor  
  46  7:38  SCV  
  46  7:39  Factory Tech Lab  
  47  7:52  Armory  
  47  7:55  SCV  
  48  8:03  Supply Depot  
  48  8:04  Supply Depot  
  48  8:41  SCV x2  
  50  8:58  SCV x2  
  52  9:15  SCV  
  53  9:46  Thor  
  53  9:48  Thor  
  65  9:51  Hellbat x2  
  69  10:13  Supply Depot  
  69  10:16  Terran Vehicle Weapons Level 1  
  69  10:32  Orbital Command  
  69  10:45  Supply Depot  
  69  10:46  Command Center  
  69  10:51  SCV  
  70  11:08  SCV  
  71  11:12  SCV  
  71  11:18  Supply Depot  
  72  11:25  SCV  
  72  11:29  SCV  
  74  11:41  SCV  
  74  11:46  SCV  
  74  11:48  Orbital Command  
  76  11:50  Supply Depot  
  76  11:58  SCV  
  77  12:08  Armory  
  77  12:14  Thor x2  
  77  12:15  Hellbat x2  
  93  12:23  Supply Depot  
  93  12:45  Starport  
  93  12:55  Supply Depot  
  93  13:21  Hellbat x3  
  93  13:24  Hellbat  
  93  13:28  Supply Depot  
  101  13:51  Hellbat, Infernal Pre-Igniter  
  103  14:00  Supply Depot  
  103  14:34  SCV  
  90  14:50  SCV x2  
  104  14:51  SCV  
  107  15:01  Refinery  
  107  15:08  SCV  
  108  15:12  Planetary Fortress  
  108  15:15  Starport Tech Lab  
  108  15:25  SCV  
  109  15:31  Siege Tank x4  
  109  15:36  Refinery  
  108  15:42  SCV  
  109  16:40  Terran Vehicle And Ship Armor Level 1  
  109  16:42  Terran Vehicle Weapons Level 2  
  109  16:51  Thor  
  109  16:52  Thor  
  109  16:53  Hellbat x2  
  125  17:03  Missile Turret  
  125  17:15  Missile Turret  
  125  17:31  SCV  
  126  17:48  SCV  
  127  17:54  SCV  
  127  17:59  Viking  
  130  18:05  SCV  
  131  18:11  SCV  
  131  18:15  Fusion Core  
  132  18:22  SCV, Ghost Academy  
  132  18:25  Supply Depot  
  132  18:27  SCV  
  134  18:39  SCV  
  135  18:41  Medivac  
  137  18:53  Refinery  
  137  18:56  Refinery  
  137  18:57  Refinery  
  137  18:58  Supply Depot  
  140  19:32  Supply Depot  
  140  20:03  Supply Depot  
  140  20:22  Raven  
  140  20:23  Unknown  
  142  21:22  Banshee  
  145  22:15  Factory  
  145  22:16  Factory  
  145  22:18  Command Center  
  145  22:19  Factory  
  145  22:22  Factory  
  145  22:25  Factory  
  142  23:21  Factory  
  142  23:32  Siege Tank  
  142  23:33  Factory Reactor, Factory Tech Lab  
  142  23:34  Factory Tech Lab  
  142  23:37  Factory Reactor  
  142  23:38  Factory Reactor  
  142  24:08  Planetary Fortress  
  142  24:14  Refinery  
  142  24:47  Refinery  
  142  25:07  Missile Turret x2  
  142  25:21  Missile Turret  
  142  25:28  Terran Vehicle And Ship Armor Level 2  
  142  25:31  Terran Vehicle Weapons Level 3  
  142  25:33  Missile Turret  
  142  25:37  Missile Turret  
  142  25:44  Factory Tech Lab  
  142  25:50  Missile Turret, Thor x2  
  142  25:51  Thor  
  142  25:53  Hellbat x4  
  142  25:54  Hellbat  
  142  25:55  Hellbat x2  
  142  25:56  Hellbat  
  176  26:03  Missile Turret  
  176  26:05  Missile Turret  
  176  27:49  Weapon Refit  
  176  29:01  Thor x3  
  176  29:05  Thor  
  200  30:41  Command Center  
  200  30:43  Command Center  
  198  32:38  Hellbat  
  200  33:07  Unknown  
  200  33:34  Personal Cloaking  
  200  33:55  Terran Vehicle And Ship Armor Level 3  
  196  34:42  Refinery  
  196  34:44  Refinery  
  196  34:50  Planetary Fortress  
  196  34:51  Unknown  
  196  34:54  Planetary Fortress  
  196  35:23  Unknown  
  189  37:50  Thor  
  189  37:58  Hellbat x2  
  196  39:13  Battlecruiser  
  196  39:18  Barracks Tech Lab  
  196  40:27  Ghost  
  196  41:12  Reaper  
  196  42:28  Unknown  
  196  42:34  Ghost  
  196  42:59  Unknown  
  196  43:18  Unknown  
  196  44:45  Marauder  
  196  50:32  Thor  
  196  50:40  Thor  
  196  50:44  Hellion  
  196  50:52  Thor x3  
  196  50:54  Hellbat  
  196  50:55  Hellbat x6  
  196  51:14  Hellbat  
  196  51:24  Hellbat  
  196  51:25  Hellbat x6  
  196  51:32  Thor  
  196  51:40  Thor  
  196  51:43  Hellbat  
  196  51:51  Thor  
  196  51:52  Thor, Hellbat  
  196  51:54  Hellbat  
  196  51:55  Hellbat x3  
  196  52:06  Thor  
  196  52:22  Thor  
Show
View Real Time Build Order
Export as new Build Order

thraglusk Protoss 

Build Orders:  

Get SALT Encoding   

Tags
 
League
Platinum
Matchup
Co-op
Replay Pack
sc2 replays
Add a new tag
Caveats
  • Supply blocks, unpowered buildings, or Contaminate may cause inaccurate times.
  • Supply counts are checked every 10 seconds.